 Dungeon Crawl Stone Soup version 0.27-a0-732-ga892ba84f6 (webtiles) character file.

Game seed: 9637032336766592439

107 Lanoc the Ducker (level 4, -2/38 HPs)
             Began as a Djinni Monk on Mar 23, 2021.
             Was a Believer of Kikubaaqudgha.
             Slain by a sky beast (6 damage)
             ... on level 3 of the Dungeon.
             The game lasted 00:04:34 (2119 turns).

Lanoc the Ducker (Djinni Monk)                      Turns: 2119, Time: 00:04:35

Health: -2/38      AC:  2    Str:  8 (10) XL:     4   Next: 85%
Magic:  0/0        EV: 14    Int: 10 (12) God:    Kikubaaqudgha [**....]
Gold:   45         SH:  0    Dex: 14 (16) Spells: 2/3 levels left

rFire    + + .     SeeInvis .   a - +0 falchion
rCold    x . .     Faith    .   (no shield)
rNeg     . . .     Spirit   .   b - +0 robe
rPois    ∞         Reflect  .   (no helmet)
rElec    .         Harm     .   (no cloak)
rCorr    .         Rampage  .   (no gloves)
Will     .....                  (boots unavailable)
Stlth    ++........             h - amulet of regeneration
HPRegen  1.12/turn              (no ring)
MPRegen  0.00/turn              (no ring)

@: flying
A: fire resistance 2, cold vulnerability 1, float, innate caster, hp casting,
extra vitality 1
a: Renounce Religion, Receive Corpses


You were on level 3 of the Dungeon.
You worshipped Kikubaaqudgha.
Kikubaaqudgha was pleased with you.
You visited 1 branch of the dungeon, and saw 3 of its levels.

You collected 45 gold pieces.

Inventory:

Hand Weapons
 a - a +0 falchion (weapon)
Armour
 b - a +0 robe (worn)
Jewellery
 h - an amulet of regeneration (around neck)
Scrolls
 g - a scroll of immolation {unknown}
 i - 2 scrolls of identify {unknown}
 j - a scroll of blinking {unknown}
 k - a scroll of amnesia {unknown}
 l - a scroll of enchant weapon {unknown}
 m - a scroll of fog {unknown}
Potions
 c - a potion of curing
 f - a potion of degeneration


   Skills:
 + Level 4.3 Fighting
 - Level 3.0 Long Blades
 + Level 4.7 Dodging
 - Level 1.5 Stealth
 + Level 0.2 Spellcasting


You had 2 spell levels left.
You knew the following spells:

 Your Spells              Type           Power      Damage    Failure   Level
a - Pain                  Necr           0%         1d4       34%         1
Your spell library was empty.

Dungeon Overview and Level Annotations

Branches:
Dungeon (3/15)

Altars:
Dithmenos
Kikubaaqudgha
Nemelex Xobeh

Shops:
D:1 *   D:2 :


Innate Abilities, Weirdness & Mutations

You are immune to poison.
Your flesh is very heat resistant. (rF++)
You are vulnerable to cold. (rC-)
You float through the air rather than walking.
You learn spells naturally, not from books.
Your magical power is your life essence.
You have superior vitality. (+4 HP)


Message History

The sky beast hits you. The sky beast shocks you.
Casting: Pain (safe; 30% risk of failure)
Confirm with . or Enter, or press ? or * to list all spells.
Aiming: Pain (safe; 30% risk of failure)
Press: ? - help, Shift-Dir - straight line, f/p - sky beast
Aim: a sky beast (moderately wounded, chance to affect: 32%)
The sky beast easily resists.
The sky beast hits you. The sky beast shocks you.
It was a potion of curing.
You feel better. The sky beast misses you.
You riposte.
You closely miss the sky beast.
The sky beast is moderately wounded.
It was a potion of magic.
Magic courses through your body.
The sky beast hits you but does no damage.
It was a potion of degeneration.
There was something very wrong with that liquid.
You feel weakened.
You feel dopey.
You feel clumsy. The sky beast hits you. The sky beast shocks you.
Casting: Pain (safe; 34% risk of failure)
Confirm with . or Enter, or press ? or * to list all spells.
Aiming: Pain (safe; 34% risk of failure)
Press: ? - help, Shift-Dir - straight line, f/p - sky beast
Aim: a sky beast (moderately wounded, chance to affect: 32%)
The sky beast easily resists.
The sky beast closely misses you.
Casting: Pain (safe; 34% risk of failure)
Confirm with . or Enter, or press ? or * to list all spells.
Aiming: Pain (safe; 34% risk of failure)
Press: ? - help, Shift-Dir - straight line, f/p - sky beast
Aim: a sky beast (moderately wounded, chance to affect: 32%)
The sky beast writhes in agony.
The sky beast hits you.
* * * LOW HITPOINT WARNING * * *
The sky beast shocks you.
* * * LOW HITPOINT WARNING * * *
As you read the scroll labelled PAEW ZUSOO, it crumbles to dust.
Your +0 falchion glows gleaming pink for a moment.
It was a scroll of random uselessness.
The sky beast flickers out of sight!
Deactivating autopickup; reactivate with Ctrl-A.
Something hits you.
* * * LOW HITPOINT WARNING * * *
Something shocks you.
You die...
Kikubaaqudgha rasps: "You have failed me!
Welcome... oblivion!"

...
##.#..[......#....###...#
..###.
...##.##......###..###
.....
##.#...#.###...#..## #
#.#. ....!.... #.#..)## #
#...###.#...#.###...### #
####.#.....##.##.......#
.
.......†#†.....§..#.#..#
.
.#####......#{#.(...#>#.
. ##...#.#@#.#.##..#.
#.#...###.........
...#.#.......####
#####.##.#...## ##.#
.....# ##..# ##...#
##..## .## ## #####..##
...##.....##


There were no monsters in sight!

Vanquished Creatures
  3 adders
  2 worms (D:3)
  3 dart slugs
  13 ball pythons
  A giant cockroach (D:1)
  4 goblins
  8 hobgoblins
  A jackal (D:3)
  5 kobolds
  8 oozes
  3 quokkas
  6 bats
  5 frilled lizards
  A jackal zombie (D:3)
  3 rats
66 creatures vanquished.

Notes
Turn   | Place    | Note
-------+----------+-------------------------------------------
     0 | D:1      | Lanoc the Djinni Monk began the quest for the Orb.
     0 | D:1      | Reached XP level 1. HP: 20/20 MP: 0/0
   281 | D:1      | Found Zeabaaf's General Store.
   291 | D:1      | Reached XP level 2. HP: 16/25 MP: 0/0
   413 | D:1      | You are sucked into a shaft and drop 1 floor!
   687 | D:2      | Found Fozaon's Book Boutique.
   939 | D:2      | Reached XP level 3. HP: 30/30 MP: 0/0
   939 | D:2      | Learned a level 1 spell: Pain
   944 | D:2      | Found a sparkling altar of Nemelex Xobeh.
  1035 | D:2      | Found a shadowy altar of Dithmenos.
  1402 | D:1      | Reached XP level 4. HP: 25/37 MP: 0/0
  1863 | D:3      | Found an ancient bone altar of Kikubaaqudgha.
  1901 | D:3      | Became a worshipper of Kikubaaqudgha
  1901 | D:3      | Reached * piety under Kikubaaqudgha
  1901 | D:3      | Reached ** piety under Kikubaaqudgha
  2074 | D:3      | Noticed a sky beast
  2119 | D:3      | Slain by a sky beast

Illustrated notes

Levels and vault maps discovered:
D:1:      giann_bridges, layout_rooms, serial_shops, shop
D:2:      layout_rooms, marbit_many_paths, serial_shops, shop,
          grunt_dithmenos_smoke_and_mirrors
D:3:      layout_rooms, lemuel_doored_altar, tso_metal_star,
          minmay_fractal_squares_5

Skill      XL: |  1  2  3  4 |
---------------+-------------+-----
Dodging        | 4 |  4.7
Fighting       | 4 |  4.3
Long Blades    | |  3.0
Stealth        | |  1.5
Spellcasting   | |  0.2

Action                   |  1- 3 |  4- 6 || total
-------------------------+-------+-------++-------
Melee: Falchion          |    89 |    67 ||   156
 Cast: Pain              |    19 |    75 ||    94
  Use: Potion            |       |     3 ||     3
       Scroll            |       |     1 ||     1
 Stab: Sleeping          |     3 |       ||     3
Armor: Robe              |    10 |     8 ||    18
Dodge: Dodged            |    81 |    85 ||   166
       Rpst.: Falchion   |    25 |    18 ||    43

Table legend: (Time is in decaauts)
 A = Elapsed time spent in this place.
 B = Non-inter-level travel time spent in this place.
 C = Inter-level travel time spent in this place.
 D = Time resting spent in this place.
 E = Time spent auto-exploring this place.
 F = Levels seen in this place.
 G = Mean time per level.
                   A        B        C        D        E       F      G
               +--------+--------+--------+--------+--------+-----+--------+
         Total |   2144 |   2108 |     36 |      0 |   1553 |   3 |  714.7 |
       Dungeon |   2144 |   2108 |     36 |      0 |   1553 |   3 |  714.7 |
               +--------+--------+--------+--------+--------+-----+--------+

Top non-repeatable levels by time:
     D:2: 940 daAuts
     D:1: 908 daAuts
     D:3: 294 daAuts
